AoeStats
← KND

Arabia

507865709Analyzed
3v3 RM · 11d ago on Sep 20, 2026· 26m 58s· 6 players
Game mode
Random Map
Map size
Normal (6 player)
Population
200
Speed
Normal
Resources
Standard
Victory
Conquest
Starting age
Dark Age
Ending age
Imperial Age
RankedLock teamsTeams togetherTeam positionsShared explorationLock speedFull tech treeHidden civsTurbo modeCheats
Victory
Defeat
🇳🇿 Berbers · New Zealand
1557
+10
🇧🇷 Huns · Brazil
1500
+13
🇨🇳 Jurchens · China
1275
+22
🇷🇺 Armenians · Russia
1620
-23
🇧🇾 Poles · Belarus
1433
-24
🇷🇺 Ethiopians · Russia
1207
-7
3D!Beell
7:03 Loom
10:08 Feudal Age
10:34 Man-at-Arms
11:11 Double-Bit Axe
11:07 Horse Collar
20:48 Castle Age
19:41 Gold Mining
22:31 Wheelbarrow
22:14 Bow Saw
22:43 Gold Shaft Mining
22:12 Heavy Plow
23:28 Fletching
24:21 Town Watch
3D!Scatter
7:09 Loom
9:30 Feudal Age
10:14 Horse Collar
10:21 Double-Bit Axe
18:24 Forging
22:02 Castle Age
20:12 Scale Barding Armor
21:24 Bloodlines
22:30 Light Cavalry
23:11 Husbandry
23:34 Chain Barding Armor
23:49 Iron Casting
няшка
7:04 Loom
10:01 Feudal Age
12:35 Double-Bit Axe
25:06 Castle Age
24:05 Fletching
25:33 Town Watch
25:49 Crossbowman
26:26 Bodkin Arrow
mmmbokchoi
5:55 Loom
8:26 Feudal Age
9:42 Double-Bit Axe
16:33 Horse Collar
18:06 Forging
18:26 Scale Barding Armor
23:46 Castle Age
22:40 Bloodlines
23:33 Gold Mining
25:07 Chain Barding Armor
25:12 Bow Saw
25:02 Heavy Plow
25:07 Husbandry
Humpy
2:09 Loom
7:36 Loom
10:21 Feudal Age
14:09 Castle Age
12:26 Double-Bit Axe
26:23 Forging
KND
6:47 Loom
8:55 Feudal Age
9:27 Double-Bit Axe
12:09 Horse Collar
19:42 Castle Age
19:02 Fletching
19:06 Gold Mining
20:23 Bloodlines
20:53 Bow Saw
20:48 Bodkin Arrow
21:43 Husbandry
23:31 Padded Archer Armor
24:24 Ballistics
26:55 Wheelbarrow
26:28 Thumb Ring
Connection lost

Rejoining the realm…

Still unreachable

The connection could not be restored.

Session expired

The server has moved on; the page needs a fresh start.